 Dungeon Crawl Stone Soup version 5.6-27-g44b401c (webtiles) character file.

275665 Lanacter the Thanatomancer (level 24, -4/148 HPs)
             Began as a Tengu Air Elementalist on July 22, 2018.
             Was the Champion of Okawaru.
             Slain by Cerebov
             ... wielding the +6 sword of Cerebov {flame}
              (27 damage)
             ... in Pandemonium.
             The game lasted 02:19:49 (31955 turns).

Lanacter the Thanatomancer (TeAE)                  Turns: 31955, Time: 02:19:50

Health: -4/148     AC: 23 (37%)Str: 11  XL:     24   Next: 84%
Magic:  15/22      EV: 42    Int: 27    God:    Okawaru [6*[193]]
Gold:   3208       SH: 30    Dex: 30    Spells: 7/50 levels left

rFire    . . .     SeeInvis .   a - +9 demon blade (vamp)
rCold    . . .     Faith    .   t - +2 large shield {rPois}
rNeg     + . .     Spirit   .   N - quicksilver dragon scales
rPois    +         Reflect  .   Q - +2 hat {Int+3}
rElec    .                      H - +1 cloak of Jaowuogg {Int+5 Dex+3}
rCorr    .                      i - +0 pair of fencer's gloves {+Riposte Dex+6}
MR       +++..                  (boots unavailable)
Stlth    +++++.....             E - amulet of destruction
Regen    1.1/turn               S - ring of fire
MPRegen  0.3/turn               T - ring of wizardry

@: finesse, fire vulnerable, flying evasively, regenerating, slowed, studying 3
skills, repel missiles, corpse armour, very slow
A: beak, claws 1, horns 1, talons 3, magic resistance 1, negative energy
resistance 1, passive freeze, subdued magic 1, MP-powered wands, able to fly,
sturdy frame, jiyva regeneration 1
}: 4/9 runes: slimy, silver, glowing, gossamer
a: Stop Flying, End Regeneration, End Death Channel, End Infestation, End
Animate Dead, End Cigotuvi's Embrace, Stop Repelling Missiles, Finesse, Renounce
Religion


You were in Pandemonium.
You worshipped Okawaru.
Okawaru was exalted by your worship.
You were not hungry.

You visited 7 branches of the dungeon, and saw 30 of its levels.
You visited Pandemonium 1 time, and saw 2 of its levels.
You visited the bazaar 5 times.
You also visited: Ossuary, Ice Cave, Wizlab and Elven Halls.

You collected 7670 gold pieces.
You spent 4462 gold pieces at shops.

Inventory:

Hand Weapons
 a - a +9 vampiric demon blade (weapon)
 b - the +8 long sword "Vaugh" {silver, MR- Str+4 Int+4}
   (You found it on level 8 of the Dungeon)

   It has been blessed by the Shining One to cause great damage to the undead
   and demons.
   It affects your strength (+4).
   It affects your intelligence (+4).
   It affects your resistance to hostile enchantments.
 c - a +6 vampiric quick blade
 V - the +11 hand axe of Osyaf {flame, rPois rF+ MR+ Int+4}
   (Okawaru gifted it to you on level 13 of the Dungeon)

   It has been specially enchanted to produce a fiery explosion on hit, causing
   extra injury to most foes and up to half again as much damage against
   particularly susceptible opponents.
   It affects your intelligence (+4).
   It protects you from fire.
   It protects you from poison.
   It affects your resistance to hostile enchantments.
Missiles
 j - 142 javelins (quivered)
Armour
 d - the +0 shield of the Gardener {Int+3}
   (Okawaru gifted it to you in Pandemonium)

   It affects your intelligence (+3).
 f - a +1 cloak of magic resistance
 i - the +0 pair of fencer's gloves (worn) {+Riposte Dex+6}
   (You found it on level 3 of the Pits of Slime)

   It affects your dexterity (+6).
 t - a +2 large shield of poison resistance (worn)
 y - the +2 buckler of Ennui {rC+ Dex+2 Stlth+}
   (You found it on level 5 of the Dungeon)

   It affects your dexterity (+2).
   It protects you from cold.
   It makes you more stealthy.
 D - a +2 cloak of poison resistance
 H - the +1 cloak of Jaowuogg (worn) {Int+5 Dex+3}
   (You found it on level 3 of the Pits of Slime)

   It affects your intelligence (+5).
   It affects your dexterity (+3).
 N - quicksilver dragon scales (worn)
 O - a +0 troll leather armour
 Q - a +2 hat of intelligence (worn)
Jewellery
 e - the ring "Neeluw" {rC+ MR+ Dex+5 Stlth+}
   (You found it in the Elven Halls)

   [ring of dexterity]

   It affects your dexterity (+5).
   It protects you from cold.
   It affects your resistance to hostile enchantments.
   It makes you more stealthy.
 g - the ring of Dodge City {EV+8}
   (You found it on level 3 of the Vaults)

   [ring of evasion]

   It affects your evasion (+8).
 m - the amulet "Imusas" {rElec rN+ Regen+}
   (You found it in the Elven Halls)

   [amulet of regeneration]

   It insulates you from electricity.
   It protects you from negative energy.
   It increases your rate of regeneration.
 B - the ring "Baxzeniu" {rElec rPois rC- MP+9 EV+3}
   (You found it on level 2 of the Depths)

   [ring of evasion]

   It affects your evasion (+3).
   It makes you vulnerable to cold.
   It insulates you from electricity.
   It protects you from poison.
   It affects your magic capacity (+9).
 E - an amulet of destruction (around neck)
 S - a ring of fire (left hand)
 T - a ring of wizardry (right hand)
Wands
 J - a wand of acid (5)
 P - a wand of lightning (17)
 Z - a wand of digging (2)
Scrolls
 h - a scroll of silence
 o - 6 scrolls of fear
 r - a scroll of summoning
 s - a scroll of holy word
 u - 3 scrolls of immolation
 v - 8 scrolls of amnesia
 w - 6 scrolls of fog
 A - 3 scrolls of blinking
 K - 6 scrolls of magic mapping
 L - 3 scrolls of enchant armour
 U - 3 scrolls of enchant weapon
 X - 6 scrolls of teleportation
Potions
 k - 3 potions of invisibility
 q - 5 potions of resistance
 x - 4 potions of berserk rage
 z - 3 potions of lignification
 C - 4 potions of ambrosia
 F - 7 potions of augmentation
 G - 9 potions of mutation {!q}
 I - 7 potions of magic
 M - a potion of cancellation
 W - 4 potions of haste
Miscellaneous
 l - 2 boxes of beasts
 n - a lamp of fire
 p - a crystal ball of energy
 R - 2 phantom mirrors
 Y - 2 sacks of spiders


   Skills:
 + Level 14.5(19.5) Fighting
 + Level 14.4(19.4) Blades
 + Level 6.9(11.9) Armour
 - Level 18.2(23.2) Dodging
 - Level 9.1 Stealth
 - Level 20.1(25.1) Shields
 - Level 10.0 Hexes
 * Level 7.8 Charms
 - Level 22.9 Necromancy
 - Level 4.0 Transmutations
 - Level 5.3 Air Magic
 - Level 6.8 Invocations


You had 7 spell levels left.
You knew the following spells:

 Your Spells              Type           Power        Failure   Level  Hunger
a - Magic Dart            Air            22 (25)      1%          1    N/A
b - Necromutation         Tmut/Necr      54 (200)     2%          6    N/A
c - Repel Missiles        Chrm/Air       27 (100)     1%          2    N/A
d - Regeneration          Chrm/Necr      59 (200)     1%          3    N/A
e - Animate Dead          Necr           77 (200)     0%          4    N/A
f - Cigotuvi's Embrace    Necr           77 (200)     1%          6    N/A
g - Death Channel         Necr           77 (200)     1%          6    N/A
h - Infestation           Hex/Necr       62 (200)     4%          7    N/A
i - Borgnjor's Revivific  Necr           77 (200)     1%          8    N/A

Your spell library contained the following spells:

 Spells                   Type           Power        Failure   Level  Hunger
 Cause Fear               Hex            41 (200)     1%          4    N/A
 Fireball                 Fire           0 (200)      71%         5    N/A
 Apportation              Tloc           0 (1000)     4%          1    N/A
 Conjure Flame            Fire/Air       16 (100)     4%          3    N/A
 Bolt of Fire             Fire           0 (200)      99%         6    N/A
 Slow                     Hex            41 (100)     1%          2    N/A
 Haste                    Chrm           32 (200)     100%        9    N/A
 Confuse                  Hex            41 (100)     1%          3    N/A
 Invisibility             Hex            41 (200)     50%         7    N/A
 Freezing Cloud           Ice/Air        11 (200)     89%         6    N/A
 Mephitic Cloud           Hex/Air        31 (100)     1%          4    N/A
 Ring of Flames           Chrm/Fire      24 (200)     99%         7    N/A
 Olgreb's Toxic Radiance  Hex            41 (100)     1%          5    N/A
 Death's Door             Chrm/Necr      59 (200)     43%         8    N/A
 Summon Small Mammal      Summ           0 (25)       4%          1    N/A
 Bolt of Draining         Necr           77 (200)     0%          5    N/A
 Blink                    Tloc           N/A          6%          2    N/A
 Pain                     Necr           25 (25)      0%          1    N/A
 Control Undead           Necr           77 (200)     0%          4    N/A
 Vampiric Draining        Necr           77 (200)     0%          3    N/A
 Haunt                    Necr/Summ      47 (200)     32%         7    N/A
 Ozocubu's Refrigeration  Ice            0 (200)      100%        7    N/A
 Sticky Flame             Fire           0 (100)      38%         4    N/A
 Summon Ice Beast         Ice/Summ       0 (100)      38%         4    N/A
 Ozocubu's Armour         Chrm/Ice       16 (100)     9%          4    N/A
 Call Imp                 Summ           0 (100)      6%          2    N/A
 Dispel Undead            Necr           77 (100)     0%          5    N/A
 Sublimation of Blood     Necr           77 (200)     0%          2    N/A
 Tukima's Dance           Hex            41 (100)     1%          3    N/A
 Summon Demon             Summ           0 (200)      71%         5    N/A
 Iron Shot                Erth           0 (200)      99%         6    N/A
 Swiftness                Chrm/Air       27 (100)     1%          2    N/A
 Recall                   Summ/Tloc      N/A          12%         3    N/A
 Agony                    Necr           77 (100)     0%          5    N/A
 Spider Form              Tmut           16 (200)     2%          3    N/A
 Blade Hands              Tmut           16 (200)     22%         5    N/A
 Statue Form              Tmut/Erth      8 (150)      95%         6    N/A
 Ice Form                 Ice/Tmut       8 (100)      17%         4    N/A
 Dragon Form              Tmut           16 (200)     99%         7    N/A
 Deflect Missiles         Chrm/Air       27 (200)     38%         6    N/A
 Throw Icicle             Ice            0 (100)      38%         4    N/A
 Airstrike                Air            22 (200)     4%          4    N/A
 Shadow Creatures         Summ           N/A          99%         6    N/A
 Confusing Touch          Hex            41 (50)      1%          1    N/A
 Passwall                 Tmut/Erth      8 (200)      2%          2    N/A
 Ignite Poison            Fire/Tmut      12 (100)     5%          3    N/A
 Call Canine Familiar     Summ           0 (100)      12%         3    N/A
 Metabolic Englaciation   Hex/Ice        20 (200)     14%         5    N/A
 Summon Butterflies       Summ           0 (100)      4%          1    N/A
 Silence                  Hex/Air        31 (200)     1%          4    N/A
 Shatter                  Erth           0 (200)      100%        9    N/A
 Static Discharge         Air            22 (100)     1%          3    N/A
 Corona                   Hex            41 (90)      1%          1    N/A
 Alistair's Intoxication  Tmut           16 (100)     22%         5    N/A
 Lee's Rapid Deconstruct  Erth           0 (200)      71%         5    N/A
 Sandblast                Erth           0 (25)       4%          1    N/A
 Conjure Ball Lightning   Air            22 (200)     98%         7    N/A
 Excruciating Wounds      Chrm/Necr      59 (200)     1%          5    N/A
 Portal Projectile        Hex/Tloc       20 (50)      1%          3    N/A
 Petrify                  Tmut/Erth      8 (100)      17%         4    N/A
 Passage of Golubria      Tloc           N/A          38%         4    N/A
 Orb of Destruction       Erth           0 (200)      100%        7    N/A
 Tornado                  Air            22 (200)     100%        9    N/A
 Leda's Liquefaction      Hex/Erth       20 (200)     5%          4    N/A
 Summon Hydra             Summ           0 (200)      100%        7    N/A
 Darkness                 Hex            41 (200)     50%         7    N/A
 Aura of Abjuration       Summ           0 (200)      71%         5    N/A
 Beastly Appendage        Tmut           16 (50)      1%          1    N/A
 Iskenderun's Battlesphe  Chrm/Summ      16 (100)     22%         5    N/A
 Fulminant Prism          Air            22 (200)     13%         5    N/A
 Dazzling Spray           Hex/Fire       31 (50)      1%          3    N/A
 Force Lance              Tloc/Erth      0 (100)      12%         3    N/A
 Infusion                 Chrm           25 (25)      1%          1    N/A
 Song of Slaying          Chrm           32 (100)     1%          2    N/A
 Spectral Weapon          Chrm/Summ      16 (100)     22%         5    N/A
 Searing Ray              Fire           0 (50)       6%          2    N/A
 Discord                  Hex            41 (200)     99%         8    N/A
 Summon Forest            Summ/Tloc      0 (200)      71%         5    N/A
 Summon Lightning Spire   Summ/Air       11 (100)     14%         4    N/A
 Summon Guardian Golem    Hex/Summ       20 (100)     1%          3    N/A
 Spellforged Servitor     Summ           0 (200)      100%        7    N/A
 Summon Mana Viper        Hex/Summ       20 (100)     14%         5    N/A
 Hydra Form               Tmut           16 (200)     75%         6    N/A
 Irradiate                Tmut           16 (200)     22%         5    N/A
 Yara's Violent Unravell  Hex/Tmut       29 (200)     6%          5    N/A
 Lesser Beckoning         Tloc           0 (100)      12%         3    N/A
 Ignition                 Fire           0 (200)      100%        8    N/A

Dungeon Overview and Level Annotations

Branches:
Dungeon (15/15) Spider (3/3) Orc:2 Slime (3/3) Orc:2 Vaults:3 Orc (2/2) D:15 Vaults (3/3) D:15 Spider:3 Depths (3/3) D:15 Slime:3 Vaults:3 Zot (0/5) Depths:3 Bazaar (1/1) Swamp: Orc:2 Shoals: Orc:2

Altars:
Cheibriados
Dithmenos
Elyvilon
Gozag
Jiyva
Kikubaaqudgha
Lugonu
Makhleb
Nemelex Xobeh
Okawaru
Qazlal
Ru
Sif Muna
Trog
Uskayaw
Vehumet
Wu Jian
Xom
Yredelemnul
Zin
The Shining One

Shops:
Bazaar [[::}::

Portals:
Pandemonium: Depths:3

Annotations:
Pan Cerebov


Innate Abilities, Weirdness & Mutations

You have a beak for a mouth.
You have sharp fingernails.
You have a pair of small horns on your head.
You have claws for feet.
You can fly continuously.
You are resistant to hostile enchantments. (MR+)
You resist negative energy. (rN+)
A frigid envelope surrounds you and freezes all who hurt you.
Your spells are a little easier to cast, but a little less powerful.
You expend magic power (3 MP) to strengthen your wands.
Your movements are less encumbered by armour. (ER -6)
Your regeneration increases when no monsters are visible.


Message History

There is a fiery explosion!
You are burned (0)!
The sword of Cerebov burns away your fire resistance.
Cerebov is very cold.
Cerebov is lightly wounded.
Unknown command.
Unknown command.
Unknown command.
You feel yourself slow down.
You feel invigorated.
Unknown command.
Unknown command.
Unknown command.
Unknown command.
Cerebov is infested!
You hit Cerebov (5). You claw Cerebov, but do no damage.
You peck Cerebov, but do no damage.
Cerebov is lightly wounded.
Cerebov hits you with the +6 sword of Cerebov {flame} (55)!!!
* * * LOW HITPOINT WARNING * * *
There is a fiery explosion!
You are burned (27)!
You die...

#.≈# '.......' #≈......#
#.§# #.§.....# #≈......#
#.≈#####§§...≈≈#####≈......#
#.≈≈§≈###§...≈###§≈≈≈.......
#.§..§§###))'###§≈§.........
#.B§§§§§#§...≈#§§...........
#BB§..§≈#§...≈#≈≈...........
#B§§§§≈##≈&..§##≈≈≈≈≈.......
#B≈######§.@§§######≈.......
#.≈#))|#≈≈..§≈≈# #≈§###...
#.≈#)))'.......+ #§§# ...
#.≈#|[)#§§§..≈§# #§.# #..
#.≈######§§§.≈######§.# .
#.≈§§§§##§§).§##≈≈≈≈≈.# ..
#.§.§§§≈#§§..≈#≈≈.....# ..
#.B.§§§§#≈...≈#≈≈.....# #..
#.B..§≈≈#≈...≈#≈≈.....# ##..


You could see Cerebov.

Vanquished Creatures
  Mnoleg (Pan)
  Boris (Vaults:2)
  Jory (Depths:1)
  the Enchantress (Depths:2)
  3 golden dragons
  Arachne (Spider:3)
  A Brimstone Fiend (Pan)
  Jorgrun (Depths:1)
  4 liches
  Rupert (D:15)
  A titan (Vaults:3)
  7 acid blobs
  2 quicksilver dragons (Depths:2)
  An ancient champion (Depths:3)
  3 sphinxes
  4 tentacled monstrosities (Pan)
  2 iron trolls (Depths:1)
  Donald (Spider:1)
  4 tengu reavers
  3 shadow dragons
  5 storm dragons
  4 azure jellies (Slime:3)
  18 fire giants
  8 frost giants
  An orc warlord (Orc:1)
  2 ghost moths (Spider:3)
  3 cacodemons (Pan)
  4 emperor scorpions (Spider:3)
  An imperial myrmidon (Vaults:2)
  10 vault wardens
  A deep elf elementalist (Elf)
  Aizul (Spider:1)
  4 deep elf sorcerers
  5 balrugs (Pan)
  A spriggan defender (Depths:2)
  2 war gargoyles (Vaults:3)
  8 stone giants
  10 ironheart preservers
  13 very ugly things
  2 entropy weavers
  Nessos (D:14)
  4 deep elf annihilators
  8 spark wasps
  2 deep elf demonologists (Elf)
  A halazid warlock (Vaults:2)
  4 ettins
  A deep elf death mage (Elf)
  2 merfolk impalers (Depths:2)
  A death ooze (Slime:3)
  6 deep elf high priests (Elf)
  8 ogre magi
  A crystal guardian (Vaults:2)
  5 yaktaur captains
  4 great orbs of eyes
  2 jiangshi (Depths:2)
  4 rakshasas
  24 vault guards
  3 eidola
  5 hydras
  2 ice dragons
  5 spriggan air magi
  7 centaur warriors
  26 two-headed ogres
  A deep troll earth mage (Depths:3)
  6 death yaks (D:13)
  An orc high priest (Orc:1)
  2 vampire magi (Depths:2)
  A spriggan berserker (Depths:2)
  8 deep elf knights
  A soul eater (Depths:3)
  Sonja (Orc:2)
  3 sun demons (Pan)
  A sixfirhy (Pan)
  A salamander mystic (Depths:2)
  A skeletal warrior (Depths:3)
  A shadow wraith (Vaults:1)
  2 flayed ghosts
  2 glowing orange brains
  2 unseen horrors
  2 deep elf archers
  An obsidian statue (Depths:2)
  7 wizards
  A phantasmal warrior (Vaults:3)
  A tengu zombie (Vaults:3)
  4 deep trolls
  6 orc knights
  A wolf spider zombie (D:15)
  6 necromancers
  An iron troll simulacrum (IceCv)
  15 deep elf magi
  A tengu skeleton (Vaults:2)
  11 ironbrand convokers
  2 zotlings (Depths:3)
  2 manticores
  2 orc sorcerers
  15 ugly things
  A faun (shapeshifter) (Vaults:3)
  3 hornets
  11 wolf spiders
  2 oklob plants (Orc:2)
  3 shining eyes
  2 cyclopes
  5 ice statues (IceCv)
  A salamander (Depths:2)
  A black mamba (shapeshifter) (Vaults:3)
  A stone giant skeleton (Depths:1)
  6 vault sentinels
  A fire giant skeleton (Vaults:2)
  3 centaur skeletons
  5 orange demons
  A black mamba (D:12)
  A molten gargoyle (shapeshifter) (Vaults:2)
  3 torpor snails
  3 gargoyles
  A spiny frog (D:9)
  7 orb spiders
  A yaktaur zombie (Depths:1)
  2 rime drakes (D:12)
  2 hellions (Pan)
  A rime drake (shapeshifter) (Vaults:2)
  12 yaktaurs
  A freezing wraith (Vaults:2)
  A demonic crawler (Spider:2)
  4 anaconda simulacra (IceCv)
  4 trolls
  A wandering mushroom (shapeshifter) (Vaults:2)
  16 jumping spiders
  A polar bear (shapeshifter) (D:15)
  A sphinx simulacrum (Vaults:3)
  A shadow dragon simulacrum (Depths:1)
  A tengu simulacrum (Vaults:2)
  2 wind drakes (WizLab)
  27 slime creatures
  33 redbacks
  14 air elementals (WizLab)
  An ettin skeleton (Vaults:2)
  16 tarantellas
  2 vampires
  3 shadows
  A shadow (shapeshifter) (Vaults:3)
  4 wyverns
  2 water elementals (Depths:1)
  A wraith (D:14)
  16 humans (D:15)
  4 yaks (D:10)
  2 fire elementals (Depths:2)
  A neqoxec (Pan)
  A golden eye (Slime:1)
  A steam dragon (D:11)
  An angry ghost (D:9)
  3 chaos spawn (Pan)
  A deep troll zombie (Vaults:1)
  3 wargs
  4 water moccasins
  25 orc warriors
  9 ice beasts
  2 wasps
  An eye of draining (Slime:1)
  A spiny frog skeleton (D:9)
  An ettin simulacrum (IceCv)
  An ogre (shapeshifter) (Vaults:3)
  A phantom (D:8)
  3 boggarts (Vaults:2)
  19 centaurs
  24 ogres
  3 blink frog skeletons
  4 elf zombies (Ossuary)
  Blork the orc (D:4)
  A bullfrog (D:7)
  A wyvern zombie (D:9)
  A glowing shapeshifter simulacrum (Vaults:2)
  3 wyvern skeletons
  A scorpion (D:5)
  A crimson imp (D:8)
  A water moccasin skeleton (D:8)
  7 killer bees
  8 wights
  2 bullfrog zombies
  A howler monkey (D:7)
  2 quasits
  6 centaur zombies
  8 human zombies
  3 hounds
  4 jellies
  21 orc priests
  A gnoll shaman (D:5)
  22 orc wizards
  4 worker ants
  2 iguanas
  2 killer bee zombies
  3 mummies (Ossuary)
  2 hound skeletons
  A howler monkey skeleton (D:6)
  6 adders
  3 gnolls (D:5)
  2 shadow imps
  An adder skeleton (D:4)
  5 dart slugs
  67 orcs
  12 quokkas
  7 giant cockroaches
  8 goblins
  4 hobgoblins
  6 jackals (D:1)
  4 kobolds
  4 ball pythons
  5 bats
  6 frilled lizards
  A jackal skeleton (D:4)
  3 rats (D:1)
  2 rat zombies (D:7)
  A spectral orc (D:4)
987 creatures vanquished.

Vanquished Creatures (collateral kills)
  the Royal Jelly (Slime:3)
  Frederick (Depths:1)
  A golden dragon (Depths:3)
  A bone dragon (Depths:3)
  A Cloud Mage (WizLab)
  A Brimstone Fiend (Pan)
  2 titans (Vaults:3)
  A quicksilver dragon (Depths:2)
  20 acid blobs
  An eldritch tentacle (Pan)
  An iron troll (Depths:1)
  3 sphinxes
  2 tengu reavers (Depths:2)
  A storm dragon (Depths:2)
  Roxanne (Spider:2)
  5 tentacled monstrosities
  6 azure jellies (Slime:3)
  2 fire giants (Vaults:3)
  3 deep elf elementalists (Elf)
  A vault warden (Vaults:3)
  4 balrugs
  4 emperor scorpions (Spider:3)
  A ghost moth (Spider:3)
  A frost giant (Depths:2)
  2 deep elf sorcerers (Elf)
  An iron dragon (Depths:2)
  4 cacodemons (Pan)
  7 stone giants
  2 revenants (Depths:3)
  2 spriggan defenders (Depths:2)
  2 ironheart preservers
  6 very ugly things
  2 mutatatotots (Depths:3)
  2 entropy weavers
  5 deep elf annihilators (Elf)
  9 spark wasps
  A deep elf death mage (Elf)
  A merfolk impaler (Depths:2)
  2 ettins
  A crystal guardian (Vaults:3)
  A mummy priest (Depths:3)
  A merfolk javelineer (Depths:2)
  A fire dragon (Depths:3)
  8 deep elf high priests
  3 death oozes
  6 great orbs of eyes
  4 jiangshi (Depths:2)
  7 vault guards (Vaults:3)
  A spriggan air mage (WizLab)
  2 yaktaur captains (Vaults:3)
  3 ice dragons
  2 eidola
  4 centaur warriors
  6 two-headed ogres (Orc:2)
  A deep troll shaman (Depths:1)
  An ogre mage (Vaults:2)
  2 vampire magi (Depths:2)
  3 deep troll earth magi (Depths:2)
  A spriggan berserker (Depths:2)
  3 deep elf knights
  A storm dragon zombie (Vaults:3)
  13 sun demons (Pan)
  2 skeletal warriors (Depths:3)
  A shadow wraith (Vaults:3)
  A hell knight (Depths:3)
  3 deep trolls
  A deep elf archer (Vaults:1)
  3 ironbrand convokers (Vaults:3)
  A deep elf mage (Vaults:1)
  5 shining eyes
  5 zotlings (Depths:3)
  A hornet (Spider:3)
  An oklob plant (Orc:2)
  9 wolf spiders
  8 ugly things
  A tengu skeleton (Vaults:3)
  2 eyes of devastation
  2 salamanders (Depths:2)
  2 vault sentinels (Vaults:3)
  9 orb spiders
  A torpor snail (Spider:2)
  2 orange demons (Pan)
  A hellion (Pan)
  2 yaktaurs (Vaults:2)
  3 demonic crawlers
  A harpy zombie (D:14)
  9 jumping spiders
  6 wind drakes (WizLab)
  A golden dragon simulacrum (IceCv)
  A yaktaur skeleton (Vaults:1)
  A troll (Vaults:1)
  50 slime creatures
  An ettin zombie (Vaults:2)
  21 air elementals (WizLab)
  32 redbacks
  6 tarantellas
  A spriggan (Depths:2)
  3 water elementals (Depths:2)
  7 golden eyes
  9 neqoxecs (Pan)
  4 chaos spawn
  A warg (Orc:2)
  7 large abominations (Pan)
  2 hydra simulacra (IceCv)
  3 floating eyes (Pan)
  3 orc warriors
  15 ogres
  6 eyes of draining
  A human skeleton (Vaults:1)
  A human zombie (Vaults:1)
  A wyvern zombie (D:13)
  A killer bee (D:12)
  An electric eel (Spider:3)
  A jelly (D:12)
  An orc wizard (Orc:2)
  3 orc priests (Orc:1)
  A jelly (shapeshifter) (Vaults:3)
  5 orcs
  2 fungi (Depths:2)
  13 plants
475 creatures vanquished.

Vanquished Creatures (others)
  2 fire giants (Vaults:3)
  A stone giant (Vaults:3)
  3 spriggan air magi (WizLab)
  2 deep elf knights (Vaults:3)
  3 spatial maelstroms (shapeshifter) (Vaults:3)
  A phantasmal warrior (Vaults:3)
  A wolf spider (Spider:3)
  A shining eye (Slime:3)
  A wind drake (WizLab)
  A jumping spider (Spider:2)
  3 redbacks
  An orc priest (Orc:1)
  An adder (D:2)
  9 fungi
  3 plants (Depths:2)
33 creatures vanquished.

Grand Total: 1495 creatures vanquished

Notes
Turn   | Place    | Note
-------+----------+-------------------------------------------
     0 | D:1      | Lanacter the Tengu Air Elementalist began the quest for the Orb.
     0 | D:1      | Reached XP level 1. HP: 10/10 MP: 3/3
    35 | D:1      | Reached skill level 1 in Blades
    53 | D:1      | Reached XP level 2. HP: 15/15 MP: 0/5
   253 | D:1      | Reached XP level 3. HP: 17/19 MP: 2/6
   487 | D:1      | Learned a level 3 spell: Static Discharge
   488 | D:1      | Learned a level 2 spell: Repel Missiles
   788 | D:2      | Found a glowing golden altar of the Shining One.
   802 | D:2      | Reached XP level 4. HP: 24/24 MP: 0/5
   956 | D:2      | Found a snail-covered altar of Cheibriados.
   961 | D:2      | Found a radiant altar of Vehumet.
  1214 | D:2      | Found an iron altar of Okawaru.
  1272 | D:2      | Found an ornate altar of the Wu Jian Council.
  1274 | D:2      | Became a worshipper of Warmaster Okawaru
  1546 | D:3      | Found a faded altar of an unknown god.
  1588 | D:3      | Reached skill level 5 in Blades
  2159 | D:3      | Reached skill level 1 in Fighting
  2159 | D:3      | Gained mutation: You can fly continuously. [Tengu growth]
  2159 | D:3      | Reached XP level 5. HP: 29/29 MP: 4/6
  2205 | D:3      | Found an ancient bone altar of Kikubaaqudgha.
  2235 | D:3      | Found a white marble altar of Elyvilon.
  2567 | D:4      | Found a bloodstained altar of Trog.
  2689 | D:4      | Noticed Blork the orc
  2764 | D:4      | Killed Blork the orc
  2764 | D:4      | Reached XP level 6. HP: 35/35 MP: 4/8
  3230 | D:4      | Found a basalt altar of Yredelemnul.
  3398 | D:4      | Reached * piety under Okawaru
  3398 | D:4      | Reached XP level 7. HP: 15/41 MP: 3/10
  3886 | D:4      | Found an opulent altar of Gozag.
  4046 | D:5      | Entered Level 5 of the Dungeon
  4284 | D:5      | Found an opulent altar of Gozag.
  4522 | D:5      | Noticed a hand axe
  4522 | D:5      | Noticed a hand axe
  4523 | D:5      | Found a hide-covered altar of Uskayaw.
  4779 | D:5      | Reached XP level 8. HP: 33/48 MP: 11/11
  4925 | D:5      | Found a stormy altar of Qazlal.
  5548 | D:5      | Got the +2 buckler of Ennui {rC+ Dex+2 Stlth+}
  5569 | D:5      | Found a glowing silver altar of Zin.
  5824 | D:6      | Found a shadowy altar of Dithmenos.
  5906 | D:6      | Found a viscous altar of Jiyva.
  5914 | D:6      | Found a stormy altar of Qazlal.
  6087 | D:6      | Reached skill level 1 in Shields
  6316 | D:6      | Found a sacrificial altar of Ru.
  6658 | D:6      | Reached skill level 5 in Fighting
  6660 | D:6      | Reached ** piety under Okawaru
  6881 | D:7      | Found an ancient bone altar of Kikubaaqudgha.
  6924 | D:7      | Found a burning altar of Makhleb.
  6927 | D:7      | Found a shimmering altar of Xom.
  6933 | D:7      | Found a sparkling altar of Nemelex Xobeh.
  6954 | D:7      | Reached XP level 9. HP: 54/54 MP: 13/13
  7274 | D:7      | Reached skill level 5 in Dodging
  7285 | D:7      | Found a corrupted altar of Lugonu.
  7327 | D:7      | Found a deep blue altar of Sif Muna.
  7368 | D:7      | Found a sand-covered staircase.
  7375 | Ossuary  | Entered an ossuary
  7659 | Ossuary  | Reached *** piety under Okawaru
  8140 | D:8      | Found an opulent altar of Gozag.
  8148 | D:8      | Got the +8 long sword "Vaugh" {silver, MR- Str+4 Int+4}
  8205 | D:8      | Noticed a two-headed ogre
  8210 | D:8      | Killed a two-headed ogre
  8210 | D:8      | Received a gift from Okawaru
  8210 | D:8      | Reached **** piety under Okawaru
  8210 | D:8      | Reached skill level 5 in Shields
  8210 | D:8      | Reached XP level 10. HP: 63/63 MP: 17/17
  8432 | D:8      | Reached skill level 1 in Necromancy
  8999 | D:9      | Noticed a spiny frog
  9010 | D:9      | Found an iron altar of Okawaru.
  9193 | D:9      | Reached skill level 2 in Necromancy
  9396 | D:9      | Killed a spiny frog
  9672 | D:9      | Noticed a two-headed ogre
  9688 | D:9      | Killed a two-headed ogre
  9688 | D:9      | Reached ***** piety under Okawaru
  9688 | D:9      | Reached skill level 3 in Necromancy
  9741 | D:9      | Learned a level 3 spell: Regeneration
  9776 | D:10     | Entered Level 10 of the Dungeon
  9805 | D:10     | Noticed a two-headed ogre
  9815 | D:10     | Killed a two-headed ogre
  9815 | D:10     | Reached XP level 11. HP: 69/69 MP: 12/12
  9880 | D:10     | Reached skill level 4 in Necromancy
  9996 | D:10     | Reached skill level 5 in Stealth
 10437 | D:11     | Noticed a two-headed ogre
 10457 | D:11     | Killed a two-headed ogre
 10457 | D:11     | Reached skill level 5 in Necromancy
 10506 | D:11     | Received a gift from Okawaru
 10681 | D:11     | Noticed a cyan ugly thing
 10687 | D:11     | Learned a level 4 spell: Animate Dead
 10715 | D:11     | Killed a cyan ugly thing
 10719 | D:11     | Noticed a deep elf mage
 10726 | D:11     | Killed a deep elf mage
 10807 | D:11     | Found a gateway to a bazaar.
 11159 | Bazaar   | Entered a bazaar
 11159 | Bazaar   | Found Kuploed's Gadget Shoppe.
 11159 | Bazaar   | Found Irec's Book Emporium.
 11161 | Bazaar   | Found Wuqoos's Book Emporium.
 11163 | Bazaar   | Found Juca's Book Shoppe.
 11176 | Bazaar   | Found Nohaanut's Armour Emporium.
 11177 | Bazaar   | Found Voliy's Antique Armour Emporium.
 11314 | D:12     | Noticed a deep elf mage
 11315 | D:12     | Reached skill level 6 in Necromancy
 11322 | D:12     | Killed a deep elf mage
 11383 | D:12     | Noticed a two-headed ogre
 11394 | D:12     | Killed a two-headed ogre
 11394 | D:12     | Reached XP level 12. HP: 76/76 MP: 13/13
 11518 | D:12     | Reached skill level 7 in Necromancy
 11892 | D:12     | Got the +6 dagger of Inference {freeze, Int+4}
 11988 | D:13     | Noticed a six-headed hydra
 12008 | D:13     | Killed a six-headed hydra
 12008 | D:13     | Reached skill level 10 in Dodging
 12072 | D:13     | Received a gift from Okawaru
 12078 | D:13     | Noticed a two-headed ogre
 12084 | D:13     | Killed a two-headed ogre
 12084 | D:13     | Reached skill level 10 in Fighting
 12230 | D:13     | Noticed a centaur warrior
 12252 | D:13     | Noticed a six-headed hydra
 12267 | D:13     | Killed a centaur warrior
 12274 | D:13     | Killed a six-headed hydra
 12415 | D:13     | Noticed a death yak
 12415 | D:13     | Noticed a death yak
 12415 | D:13     | Noticed a death yak
 12415 | D:13     | Noticed a death yak
 12416 | D:13     | Noticed a death yak
 12420 | D:13     | Noticed a death yak
 12437 | D:13     | Killed a death yak
 12437 | D:13     | Reached skill level 8 in Necromancy
 12455 | D:13     | Killed a death yak
 12455 | D:13     | Reached ****** piety under Okawaru
 12486 | D:13     | Killed a death yak
 12486 | D:13     | Reached XP level 13. HP: 83/83 MP: 14/14
 12499 | D:13     | Received a gift from Okawaru
 12545 | D:13     | Got the +11 hand axe of Osyaf {flame, rPois rF+ MR+ Int+4}
 13028 | D:14     | Reached skill level 9 in Necromancy
 13169 | D:14     | Noticed an ogre mage
 13170 | D:14     | Noticed Nessos
 13206 | D:14     | Killed Nessos
 13209 | D:14     | Received a gift from Okawaru
 13236 | D:14     | Reached skill level 10 in Necromancy
 13243 | D:14     | Killed an ogre mage
 13907 | D:15     | Entered Level 15 of the Dungeon
 13915 | D:15     | Found a staircase to the Orcish Mines.
 13926 | D:15     | Reached skill level 11 in Necromancy
 13926 | D:15     | Reached XP level 14. HP: 90/90 MP: 16/16
 13946 | D:15     | Received a gift from Okawaru
 13958 | D:15     | Found an iron altar of Okawaru.
 14063 | D:15     | Received a gift from Okawaru
 14143 | D:15     | Reached skill level 12 in Necromancy
 14300 | D:15     | Reached skill level 10 in Shields
 14487 | D:15     | Noticed Rupert
 14501 | D:15     | Killed Rupert
 14520 | D:15     | Found a staircase to the Depths.
 14520 | D:15     | Noticed a frost giant
 14540 | D:15     | Killed a frost giant
 14540 | D:15     | Reached skill level 13 in Necromancy
 14564 | D:15     | Found a gate to the Vaults.
 14695 | Orc:1    | Entered Level 1 of the Orcish Mines
 14805 | Orc:1    | Noticed an orc warlord
 14837 | Orc:1    | Killed an orc warlord
 14911 | Orc:1    | Got the +10 double sword "Zaososche" {elec, Str+3}
 14913 | Orc:1    | Learned a level 6 spell: Cigotuvi's Embrace
 14936 | Orc:1    | Found a burning altar of Makhleb.
 15113 | Orc:1    | Paralysed by an orc sorcerer for 2 turns
 15117 | Orc:1    | Received a gift from Okawaru
 15130 | Orc:1    | Learned a level 6 spell: Death Channel
 15217 | Orc:1    | Reached XP level 15. HP: 96/96 MP: 2/2
 15238 | Orc:1    | Found a gateway to a bazaar.
 15692 | Orc:2    | Entered Level 2 of the Orcish Mines
 15710 | Orc:2    | Found a gateway to a bazaar.
 15766 | Orc:2    | Reached skill level 14 in Necromancy
 15954 | Orc:2    | Found a staircase to the Slime Pits.
 16003 | Orc:2    | Noticed Sonja
 16021 | Orc:2    | Killed Sonja
 16021 | Orc:2    | Received a gift from Okawaru
 16197 | Orc:2    | Found a hole to the Spider Nest.
 16528 | Orc:2    | Found a bloodstained altar of Trog.
 16752 | Spider:1 | Entered Level 1 of the Spider Nest
 16909 | Spider:1 | Noticed Donald
 16916 | Spider:1 | Killed Donald
 16916 | Spider:1 | Reached skill level 15 in Necromancy
 17469 | Spider:1 | Noticed Aizul
 17476 | Spider:1 | Killed Aizul
 17634 | Spider:2 | Reached XP level 16. HP: 101/101 MP: 8/8
 17862 | Spider:2 | Noticed Roxanne
 17877 | Spider:2 | Killed Roxanne
 17877 | Spider:2 | Reached skill level 16 in Necromancy
 18047 | Spider:2 | Received a gift from Okawaru
 18215 | Spider:3 | Entered Level 3 of the Spider Nest
 18356 | Spider:3 | Found a frozen archway.
 18461 | Spider:3 | Reached skill level 15 in Dodging
 18471 | IceCv    | Entered an ice cave
 18491 | IceCv    | Reached skill level 17 in Necromancy
 19179 | Spider:3 | Received a gift from Okawaru
 19179 | Spider:3 | Reached XP level 17. HP: 106/106 MP: 9/9
 19419 | Spider:3 | Noticed Arachne
 19435 | Spider:3 | Killed Arachne
 19599 | Spider:3 | Received a gift from Okawaru
 19629 | Spider:3 | Reached skill level 18 in Necromancy
 19634 | Spider:3 | Found a gate to the Vaults.
 19654 | Spider:3 | Got a gossamer rune of Zot
 19718 | Vaults:1 | Entered Level 1 of the Vaults
 20234 | Vaults:1 | Noticed a sphinx
 20247 | Vaults:1 | Killed a sphinx
 20317 | Vaults:1 | Found a gateway to a bazaar.
 20967 | Bazaar   | Bought a Necronomicon for 1324 gold pieces
 20972 | Bazaar   | Learned a level 6 spell: Necromutation
 21098 | Vaults:2 | Reached skill level 1 in Transmutations
 21238 | Vaults:2 | Reached XP level 18. HP: 111/111 MP: 12/12
 21334 | Vaults:2 | Received a gift from Okawaru
 21377 | Vaults:2 | Reached skill level 19 in Necromancy
 21457 | Vaults:2 | Noticed Boris
 21525 | Vaults:2 | Killed Boris
 21778 | Vaults:2 | Received a gift from Okawaru
 22732 | Vaults:3 | Entered Level 3 of the Vaults
 22732 | Vaults:3 | Found a staircase to the Slime Pits.
 22732 | Vaults:3 | Found a staircase to the Depths.
 22905 | Vaults:3 | Reached skill level 20 in Necromancy
 22969 | Vaults:3 | Received a gift from Okawaru
 22976 | Vaults:3 | Reached XP level 19. HP: 116/116 MP: 7/7
 22997 | Vaults:3 | Reached skill level 1 in Hexes
 23186 | Vaults:3 | Reached skill level 15 in Shields
 23387 | Vaults:3 | Received a gift from Okawaru
 23482 | Vaults:3 | Reached skill level 21 in Necromancy
 23562 | Vaults:3 | Noticed a lich
 23572 | Vaults:3 | Killed a lich
 23576 | Vaults:3 | Reached XP level 20. HP: 121/121 MP: 8/8
 23591 | Vaults:3 | great
 23675 | Vaults:3 | Noticed a golden dragon
 23702 | Vaults:3 | Got a silver rune of Zot
 23782 | Vaults:3 | Noticed a golden dragon
 23799 | Vaults:3 | Received a gift from Okawaru
 23809 | Vaults:3 | Killed a golden dragon
 23839 | Vaults:3 | Got the +2 pair of gloves of Bitterness {+Blink Slay-3 Stlth+}
 23931 | Vaults:3 | Reached skill level 5 in Hexes
 24034 | Vaults:3 | fffff
 24113 | Vaults:3 | Reached skill level 1 in Invocations
 24117 | Vaults:3 | Reached skill level 22 in Necromancy
 24343 | Vaults:3 | Got Sif Muna's Grimoire of Hexes
 24350 | Vaults:3 | Got the Collected Works on the Frostbite and the Volcanoes
 24541 | Vaults:3 | Learned a level 7 spell: Infestation
 24787 | Vaults:3 | Killed a golden dragon
 25114 | Slime:1  | Entered Level 1 of the Pits of Slime
 25329 | Slime:1  | Received a gift from Okawaru
 25367 | Slime:1  | Gained mutation: You are dopey. (Int -5) [a shining eye]
 25368 | Slime:1  | Lost mutation: You are dopey. (Int -5) [potion of mutation]
 25368 | Slime:1  | Gained mutation: A frigid envelope surrounds you and freezes all who hurt you. [potion of mutation]
 25368 | Slime:1  | Gained mutation: You are resistant to hostile enchantments. (MR+) [potion of mutation]
 25368 | Slime:1  | Gained mutation: You resist negative energy. (rN+) [potion of mutation]
 25368 | Slime:1  | Gained mutation: Your movements are less encumbered by armour. (ER -6) [potion of mutation]
 25368 | Slime:1  | Reached XP level 21. HP: 126/126 MP: 2/6
 25369 | Slime:1  | heh heh heh
 26163 | Slime:3  | Entered Level 3 of the Pits of Slime
 26186 | Slime:3  | Gained mutation: Your spells are a little easier to cast, but a little less powerful. [a shining eye]
 26190 | Slime:3  | Gained mutation: Your regeneration increases when no monsters are visible. [a shining eye]
 26319 | Slime:3  | Found a viscous altar of Jiyva.
 26320 | Slime:3  | Found a staircase to the Depths.
 26320 | Slime:3  | Noticed the Royal Jelly
 26363 | Slime:3  | Killed the Royal Jelly
 26363 | Slime:3  | Received a gift from Okawaru
 26435 | Slime:3  | Got the +1 cloak of Jaowuogg {Int+5 Dex+3}
 26514 | Slime:3  | Got a slimy rune of Zot
 26516 | Slime:3  | Got the Grimoire of Curses
 26772 | Slime:3  | Gained mutation: You expend magic power (3 MP) to strengthen your wands. [a shining eye]
 26786 | Slime:3  | Learned a level 8 spell: Borgnjor's Revivification
 26787 | Depths:1 | Entered Level 1 of the Depths
 26787 | Depths:1 | Noticed Jory
 26802 | Depths:1 | Killed Jory
 26802 | Depths:1 | Reached skill level 5 in Invocations
 26830 | Depths:1 | Found a portal to the Elven Halls.
 26837 | Elf      | Entered the Elven Halls
 26935 | Elf      | Reached XP level 22. HP: 77/132 MP: 16/16
 27095 | Elf      | Got the amulet "Imusas" {rElec rN+ Regen+}
 27205 | Elf      | Got the ring "Neeluw" {rC+ MR+ Dex+5 Stlth+}
 27221 | Elf      | Got the Guide on Supportive Darkness
 27356 | Depths:1 | Found a magical portal.
 27368 | WizLab   | Entered The Chambers of the Cloud Mage
 27904 | Depths:1 | Noticed Frederick
 27918 | Depths:1 | Received a gift from Okawaru
 27926 | Depths:1 | Killed Frederick
 27951 | Depths:1 | Noticed Jorgrun
 27959 | Depths:1 | Killed Jorgrun
 28285 | Depths:1 | Reached skill level 10 in Hexes
 28460 | Depths:2 | Found a gateway to a bazaar.
 28896 | Depths:2 | Reached XP level 23. HP: 136/136 MP: 19/19
 28991 | Depths:2 | Received a gift from Okawaru
 29321 | Depths:2 | Noticed a golden dragon
 29342 | Depths:2 | Killed a golden dragon
 29362 | Depths:2 | Noticed the Enchantress
 29400 | Depths:2 | Killed the Enchantress
 29441 | Depths:2 | Got the ring "Baxzeniu" {rElec rPois rC- MP+9 EV+3}
 29644 | Bazaar   | Bought a manual of Fighting for 1324 gold pieces
 29654 | Bazaar   | Bought a manual of Blades for 1214 gold pieces
 29655 | Bazaar   | Bought a book of Enchantments for 600 gold pieces
 29719 | Depths:3 | Entered Level 3 of the Depths
 29755 | Depths:3 | Reached skill level 10 in Blades
 29781 | Depths:3 | Reached skill level 1 in Charms
 29781 | Depths:3 | Received a gift from Okawaru
 29781 | Depths:3 | Reached skill level 1 in Armour
 30245 | Depths:3 | Found a gate to the Realm of Zot.
 30329 | Depths:3 | Reached XP level 24. HP: 144/144 MP: 22/22
 30423 | Depths:3 | Found a one-way gate leading to the halls of Pandemonium.
 30505 | Depths:3 | Reached skill level 5 in Charms
 30842 | Pan      | Entered the realm of Mnoleg.
 30842 | Pan      | Entered Pandemonium
 31148 | Pan      | Reached skill level 5 in Armour
 31177 | Pan      | Received a gift from Okawaru
 31247 | Pan      | Noticed Mnoleg
 31253 | Pan      | Paralysed by a floating eye for 2 turns
 31261 | Pan      | Killed Mnoleg
 31312 | Pan      | Got a glowing rune of Zot
 31635 | Pan      | Got the +0 shield of the Gardener {Int+3}
 31674 | Pan      | Entered the realm of Cerebov.
 31913 | Pan      | Noticed Cerebov
 31955 | Pan      | Identified the +6 sword of Cerebov {flame}
 31955 | Pan      | Slain by Cerebov

Skill      XL: |  1  2  3  4  5  6  7  8  9 10 11 12 13 14 15 16 17 18 19 20 21 22 23 24 |
---------------+-------------------------------------------------------------------------+-----
Blades         | 2 3 4 5 6 7 8 9 11 14 | 14.4
Fighting       | 1 2 3 4 5 7 8 9 10 11 12 14 | 14.5
Dodging        | 4 7 8 9 10 11 12 14 15 16 17 18 | 18.2
Shields        | 2 5 6 8 9 10 11 12 13 14 15 16 18 20 | 20.1
Necromancy     | 3 6 8 11 13 15 17 18 20 21 22 | 22.9
Stealth        | 4 6 8 9 |  9.1
Transmutations | 1 4 |  4.0
Hexes          | 4 5 8 10 | 10.0
Invocations    | 2 5 6 |  6.8
Charms         | 4 7 |  7.8
Armour         | 3 6 |  6.9
Air Magic      | |  5.3

Action                   |  1- 3 |  4- 6 |  7- 9 | 10-12 | 13-15 | 16-18 | 19-21 | 22-24 || total
-------------------------+-------+-------+-------+-------+-------+-------+-------+-------++-------
Melee: Unarmed           |     3 |       |       |       |       |       |       |       ||     3
       Dagger            |    10 |    46 |   209 |       |       |       |       |       ||   265
       Kick              |     2 |    15 |    74 |   144 |   312 |   538 |   448 |   349 ||  1882
       Headbutt          |     2 |    12 |    48 |   102 |   194 |   307 |   277 |   243 ||  1185
       Peck              |     1 |     8 |    40 |    83 |   193 |   344 |   299 |   245 ||  1213
       Long sword        |       |    31 |    50 |   306 |       |       |       |       ||   387
       Demon blade       |       |       |       |    84 |   845 |  1303 |   977 |   703 ||  3912
Throw: Javelin           |       |       |     3 |       |       |       |       |       ||     3
       Poisoned dart     |       |       |     4 |       |       |       |       |       ||     4
       Frenzy dart       |       |       |       |       |     1 |       |       |       ||     1
 Cast: Magic Dart        |    57 |   108 |   219 |   114 |     6 |       |       |       ||   504
       Repel Missiles    |     1 |       |       |       |     1 |       |       |       ||     2
       Static Discharge  |       |       |     9 |     1 |       |       |       |       ||    10
       Regeneration      |       |       |       |     1 |     1 |       |       |       ||     2
       Animate Dead      |       |       |       |     1 |     1 |       |       |       ||     2
       Death Channel     |       |       |       |       |     2 |       |       |       ||     2
       Cigotuvi's Embrac |       |       |       |       |     2 |       |       |       ||     2
       Necromutation     |       |       |       |       |       |     1 |       |     3 ||     4
       Infestation       |       |       |       |       |       |       |     1 |       ||     1
Invok: Finesse           |       |       |       |       |       |     1 |     2 |     4 ||     7
 Abil: Fly               |       |     1 |       |       |       |       |       |     1 ||     2
       End Transformatio |       |       |       |       |       |       |     1 |     3 ||     4
       Stop Flying       |       |       |       |       |       |       |       |     1 ||     1
Evoke: Wand              |       |       |       |       |     3 |       |     3 |       ||     6
       Lamp of fire      |       |       |       |       |       |     1 |     3 |       ||     4
       Phantom mirror    |       |       |       |       |       |       |       |     1 ||     1
  Use: Scroll            |       |     1 |     2 |       |     9 |     3 |     7 |     2 ||    24
       Potion            |       |       |       |     1 |     4 |     1 |     9 |     8 ||    23
 Stab: Sleeping          |       |       |     4 |    16 |    24 |    35 |     5 |    29 ||   113
       Distracted        |       |       |       |     2 |    11 |    34 |    23 |    47 ||   117
Armor: Leather armour    |     1 |    17 |    26 |     2 |       |       |       |       ||    46
       Troll leather arm |       |       |       |     5 |    52 |    62 |    66 |    27 ||   212
       Skin              |       |       |       |    14 |       |       |       |       ||    14
       Quicksilver drago |       |       |       |       |       |       |       |    13 ||    13
Dodge: Dodged            |     9 |    52 |   159 |   191 |   620 |   795 |   527 |   204 ||  2557
       Deflected         |       |       |     3 |     4 |     6 |     5 |    13 |     2 ||    33
Block: Buckler           |       |       |    28 |   113 |   425 |   775 |   603 |       ||  1944
       Large shield      |       |       |       |       |       |       |    13 |   463 ||   476
